 Dungeon Crawl Stone Soup version 0.24.0-35-gdb84b6a5db (webtiles) character file.

Game seed: 7573701394620311745, levelgen mode: deterministic

227 PentaManta the Ducker (level 6, -2/43 HPs)
             Began as an Octopode Fighter on Nov 17, 2019.
             Slain by Grinder (3 damage)
             ... on level 4 of the Dungeon.
             The game lasted 00:06:35 (2925 turns).

PentaManta the Ducker (Octopode Fighter)            Turns: 2925, Time: 00:06:36

Health: -2/43      AC:  1    Str: 16    XL:     6   Next: 2%
Magic:  6/6        EV: 13    Int: 10    God:
Gold:   231        SH: 10    Dex: 13    Spells: 5/5 levels left

rFire    . . .     SeeInvis .   r - +2 dagger (venom)
rCold    . . .     Gourm    .   b - +1 shield
rNeg     . . .     Faith    .   (helmet restricted)
rPois    .         Spirit   .   (no amulet)
rElec    .         Reflect  .   (no ring)
rCorr    .         Harm     .   (no ring)
MR       .....                  (no ring)
Stlth    ++........             (no ring)
HPRegen  0.14/turn              (no ring)
MPRegen  0.10/turn              (no ring)
                                (no ring)
                                (no ring)

@: no status effects
A: almost no armour, stealthy swim, amphibious, 8 rings, constrict 8, camouflage
1, gelatinous body 1
a: no special abilities


You were on level 4 of the Dungeon.
You were not hungry.

You visited 1 branch of the dungeon, and saw 6 of its levels.

You collected 231 gold pieces.

Inventory:

Hand Weapons
 a - a +0 rapier
 e - a +0 dagger
 r - a +2 dagger of venom (weapon)
Armour
 b - a +1 shield (worn)
Jewellery
 n - an uncursed ring of fire
 q - an uncursed ring of resist corrosion {unknown}
 t - a +4 ring of evasion {unknown}
Wands
 i - a wand of flame (5)
 s - a wand of disintegration (14)
Scrolls
 g - 2 scrolls of immolation
 k - 3 scrolls of remove curse
 p - a scroll of teleportation
Potions
 c - 2 potions of might
 f - a potion of invisibility {unknown}
 h - 2 potions of heal wounds
 l - 3 potions of curing
 m - 2 potions of haste
 o - 2 potions of mutation
 u - a potion of ambrosia {unknown}
Comestibles
 d - 5 rations
 v - a chunk of flesh


   Skills:
 + Level 3.7 Fighting
 + Level 3.0 Short Blades
 * Level 4.5 Dodging
 * Level 4.4 Shields


You had 5 spell levels left.
You didn't know any spells.
Your spell library was empty.

Dungeon Overview and Level Annotations

Branches:
Dungeon (6/15)
 Temple: D:4-7

Altars:
Ashenzari
Trog
Xom
The Shining One

Annotations:
D:4 Grinder
D:5 Dowan, Duvessa


Innate Abilities, Weirdness & Mutations

You cannot wear most types of armour.
You are very stealthy in the water. (Stealth+)
You are amphibious.
You can wear up to eight rings at the same time.
You can use your tentacles to constrict eight enemies at once.
Your skin changes colour to match your surroundings (Stealth+).
Your rubbery body absorbs attacks. (AC +1, EV +1)


Message History

Grinder is heavily wounded.
You constrict Grinder. Grinder hits you!
* * * LOW HITPOINT WARNING * * *
You writhe in agony.
* * * LOW HITPOINT WARNING * * *
You hit Grinder but do no damage.
Grinder looks even sicker.
Grinder is heavily wounded.
You constrict Grinder. You hit Grinder but do no damage.
Grinder is severely wounded.
You constrict Grinder.
Grinder blinks free!
Grinder gestures at you. You resist with significant effort.
Grinder blinks!
You closely miss Grinder. Your grab misses Grinder.
Grinder is almost dead.
Grinder hits you.
* * * LOW HITPOINT WARNING * * *
You writhe in agony.
You die...

#...$..(.....
#........... ##..........
...........
..........########
..........#......#
..%......#......#
###.....5#..##'##########
#.....@#..##.##...<....
+......#...#..#........
#......#...#..#........
#......#...#..#.....>..
#......#..###'#........
#......####.....#######
#......#..#.....#......
#......#..#<....#......
#......'..#.....#..###'


You could see Grinder.

Vanquished Creatures
  A hound (D:6)
  6 adders
  2 worms (D:2)
  3 dart slugs
  A leopard gecko (D:1)
  4 orcs
  A giant cockroach (D:2)
  4 goblins
  8 hobgoblins
  2 jackals (D:4)
  2 quokkas (D:2)
  9 bats
  4 frilled lizards
  7 kobolds
  4 rats
58 creatures vanquished.

Vanquished Creatures (collateral kills)
  Edmund (D:6)
1 creature vanquished.

Grand Total: 59 creatures vanquished

Notes
Turn   | Place    | Note
-------+----------+-------------------------------------------
     0 | D:1      | PentaManta the Octopode Fighter began the quest for the
                  | Orb.
     0 | D:1      | Reached XP level 1. HP: 16/16 MP: 1/1
    97 | D:1      | Reached XP level 2. HP: 21/21 MP: 2/2
   459 | D:1      | Reached XP level 3. HP: 26/26 MP: 3/3
   667 | D:2      | Reached XP level 4. HP: 19/31 MP: 4/4
   984 | D:2      | Found a shimmering altar of Xom.
  1325 | D:3      | Found a glowing golden altar of the Shining One.
  1367 | D:3      | Found a shattered altar of Ashenzari.
  1606 | D:2      | Reached XP level 5. HP: 13/36 MP: 5/5
  1855 | D:3      | You fall into a shaft and drop 2 floors!
  1855 | D:5      | Entered Level 5 of the Dungeon
  1862 | D:5      | Found a bloodstained altar of Trog.
  1892 | D:5      | Noticed Duvessa
  1893 | D:5      | Noticed Dowan
  1915 | D:5      | Noticed an ogre
  2176 | D:6      | Noticed Edmund
  2203 | D:6      | Killed Edmund
  2226 | D:5      | Noticed an ogre
  2460 | D:3      | Reached XP level 6. HP: 43/43 MP: 6/6
  2906 | D:4      | Noticed Grinder
  2925 | D:4      | HP: 1/43 [Grinder (6)]
  2925 | D:4      | Slain by Grinder

Levels and vault maps discovered:
D:1:      dpeg_arrival_three_bigger_balls, layout_basic
D:2:      layout_rooms, nicolae_overflow_crystal_walls
D:3:      layout_loops_ring, nicolae_overflow_hidden_temple,
          nicolae_tso_carved_into_rock
D:4:      layout_gridville, gammafunk_temple_overflow_claw, first_ration,
          uniq_grinder
D:5:      layout_rooms, lemuel_doored_altar, serial_shops, nicolae_shop_stone,
          okawaru_gym_becter, uniq_duvessa
D:6:      layout_loops_ring, minmay_temple_entry_slanted,
          gammafunk_ghost_nasty_kobolds, kennysheep_generic_room_6, uniq_edmund

Skill      XL: |  1  2  3  4  5 |
---------------+----------------+-----
Dodging        | 4 |  4.5
Shields        | 4 |  4.4
Short Blades   | 3 |  3.0
Fighting       | |  3.7

Action                   |  1- 3 |  4- 6 || total
-------------------------+-------+-------++-------
Melee: Rapier            |    21 |       ||    21
       Constrict         |    21 |    28 ||    49
       Tentacles         |    15 |    20 ||    35
       Dagger            |    50 |   100 ||   150
Throw: Throwing net      |       |     1 ||     1
  Use: Scroll            |     1 |    12 ||    13
 Stab: Sleeping          |     7 |     6 ||    13
       Distracted        |       |     1 ||     1
  Eat: Chunk             |       |     6 ||     6
Armor: Skin              |     2 |     7 ||     9
Dodge: Dodged            |    31 |    50 ||    81
Block: Shield            |    29 |    53 ||    82
